 Dungeon Crawl Stone Soup version 0.23.2-1-ga50397a (webtiles) character file.

Game seed: 18044596319459466837

267 MalarOregon the Digger (level 6, -3/45 HPs)
             Began as a Ghoul Earth Elementalist on May 26, 2019.
             Was an Initiate of Makhleb.
             Slain by an ogre
             ... wielding a +0 giant spiked club
              (23 damage)
             ... on level 4 of the Dungeon.
             The game lasted 00:05:08 (2592 turns).

MalarOregon the Digger (Ghoul Earth Elementalist)   Turns: 2592, Time: 00:05:09

Health: -3/45      AC:  2    Str: 12    XL:     6   Next: 21%
Magic:  7/10       EV: 13    Int: 12    God:    Makhleb [......]
Gold:   129        SH:  0    Dex:  9    Spells: 8/12 levels left

rFire    . . .     SeeInvis .   p - +0 quarterstaff
rCold    + . .     Gourm    .   (shield currently unavailable)
rNeg     + + +     Faith    .   c - +0 robe
rPois    ∞         Spirit   .   (no helmet)
rElec    .         Reflect  .   (no cloak)
rCorr    .         Harm     .   (no gloves)
MR       .....                  (no boots)
Stlth    ++........             (no amulet)
HPRegen  0.00/turn              g - +1 ring of evasion
MPRegen  0.12/turn              (no ring)

@: rotting
A: rotting body, claws 1, carnivore, cold resistance 1, negative energy
resistance 3, inhibited regeneration, torment resistance, unbreathing
a: Renounce Religion


You were on level 4 of the Dungeon.
You worshipped Makhleb.
Makhleb was noncommittal.
You were not hungry.

You visited 2 branches of the dungeon, and saw 5 of its levels.

You collected 129 gold pieces.

Inventory:

Hand Weapons
 p - a +0 quarterstaff (weapon)
   (You found it on level 2 of the Dungeon)
Missiles
 b - 62 stones (quivered)
Armour
 c - a +0 robe (worn)
Jewellery
 g - a +1 ring of evasion (left claw)
   (You found it on level 1 of the Dungeon)
 s - a cursed amulet of regeneration {unknown}
   (You found it on level 2 of the Dungeon)
Scrolls
 f - a scroll of fog {unknown}
 i - 3 scrolls of identify {unknown}
 j - 2 scrolls of teleportation {unknown}
 k - a scroll of magic mapping {unknown}
 l - 2 scrolls of enchant weapon {unknown}
 m - 2 scrolls of enchant armour {unknown}
 n - 5 scrolls of remove curse {unknown}
 q - a scroll of immolation {unknown}
 r - a scroll of fear {unknown}
Potions
 d - a potion of degeneration {unknown}
 h - 2 potions of flight {unknown}
 o - a potion of mutation {unknown}
 t - a potion of might {unknown}
 u - a potion of curing {unknown}
 v - a potion of lignification {unknown}
Comestibles
 e - 4 rations {!d}


   Skills:
 - Level 1.7 Dodging
 - Level 2.1 Stealth
 + Level 3.9 Spellcasting
   Level 0.8 Transmutations
 + Level 5.7 Earth Magic


You had 8 spell levels left.
You knew the following spells:

 Your Spells              Type           Power        Failure   Level  Hunger
a - Sandblast             Erth           ###...       2%          1    #......
x - Stone Arrow           Conj/Erth      #.....       21%         3    ###....

Your spell library contained the following spells:

 Spells                   Type           Power        Failure   Level  Hunger
 Passwall                 Tmut/Erth      ##......     9%          2    ##.....
 Petrify                  Tmut/Erth      ##......     50%         4    #####..
 Lee's Rapid Deconstruct  Erth           ###.......   52%         5    ######.


Dungeon Overview and Level Annotations

Branches:
Dungeon (4/15)             Temple (1/1) D:4

Altars:
Ashenzari
Cheibriados
Dithmenos
Fedhas
Gozag
Hepliaklqana
Kikubaaqudgha
Makhleb
Nemelex Xobeh
Okawaru
Qazlal
Ru
Sif Muna
Trog
Uskayaw
Vehumet
Wu Jian
Xom
Yredelemnul
Zin
The Shining One

Annotations:
D:3 2 transporters, OwlQaeda's ghost, amateur SpEn


Innate Abilities, Weirdness & Mutations

Your body is rotting away.
You thrive on raw meat.
You are immune to poison.
You have sharp fingernails.
You are carnivorous and can eat meat at any time.
Your flesh is cold resistant. (rC+)
You are immune to negative energy. (rN+++)
You do not regenerate when monsters are visible.
You are immune to unholy pain and torment.
You can survive without breathing.


Message History

There is an entrance to a sewer on this level.
Hurry and find it before the portal rusts away!
You hear the rusting of a distant drain.
There is a staircase to the Ecumenical Temple here.
A bullfrog skeleton comes into view.
You see here a scroll labeled OTYMUFR POINOT.
A bullfrog skeleton is nearby!
You hit the bullfrog skeleton but do no damage.
The bullfrog skeleton hits you. x2
You hit the bullfrog skeleton.
The bullfrog skeleton barely misses you.
The bullfrog skeleton hits you.
You hit the bullfrog skeleton. The bullfrog skeleton hits you!
You hit the bullfrog skeleton.
The bullfrog skeleton closely misses you.
The bullfrog skeleton barely misses you.
You hit the bullfrog skeleton. The bullfrog skeleton hits you.
The bullfrog skeleton closely misses you.
You hit the bullfrog skeleton.
The bullfrog skeleton barely misses you.
The bullfrog skeleton hits you.
* * * LOW HITPOINT WARNING * * *
Aim: a bullfrog skeleton (severely damaged)
The blast of sand hits the bullfrog skeleton!
You destroy the bullfrog skeleton!
Makhleb accepts your kill.
b - 65 stones
n - 5 scrolls labeled OTYMUFR POINOT (gained 1)
An ogre comes into view. It is wielding a +0 giant spiked club.
Found an escape hatch in the floor.
Found a stone staircase leading up.
An ogre is nearby!
An ogre is nearby!
Okay, then.
You are too injured to fight recklessly!
You can't see any susceptible monsters within range! (Use Z to cast anyway.)
You can't see any susceptible monsters within range! (Use Z to cast anyway.)
You can't see any susceptible monsters within range! (Use Z to cast anyway.)
Aim: an ogre, wielding a +0 giant spiked club (resting)
The blast of sand hits the ogre!
The ogre shouts!
b - 64 stones A scorpion comes into view.
Aim: an ogre, wielding a +0 giant spiked club (moderately wounded)
The blast of sand hits the ogre!
b - 63 stones
Aim: an ogre, wielding a +0 giant spiked club (heavily wounded)
The blast of sand hits the ogre!
b - 62 stones The ogre hits you with a +0 giant spiked club!!
Ouch! That really hurt!
You die...

.. ..... #.. .... ..
#..###... .....
...#..s# .....
#.....##......
.............
###.O.........
#...@......... ##
##..#.........< ...
#.. #.......... ....#
#.. #..........
......##.###..........
...........##....#.>..
......8⌠.........# ##.
................##.
......8).>..........


You could see an ogre and a scorpion.

Vanquished Creatures
  An orc wizard (Temple)
  An orc priest (Temple)
  A bullfrog skeleton (D:4)
  A worker ant (D:4)
  6 adders
  2 oozes (D:1)
  3 dart slugs
  3 leopard geckos
  6 orcs
  7 giant cockroaches
  8 goblins
  7 hobgoblins
  2 jackals (D:1)
  8 kobolds
  2 quokkas
  14 bats
  2 frilled lizards (D:3)
  9 rats
83 creatures vanquished.

Notes
Turn   | Place    | Note
-------+----------+-------------------------------------------
     0 | D:1      | MalarOregon the Ghoul Earth Elementalist began the quest
                  | for the Orb.
     0 | D:1      | Reached XP level 1. HP: 14/14 MP: 2/2
   133 | D:1      | Reached XP level 2. HP: 13/20 MP: 2/4
   330 | D:1      | Reached skill level 4 in Earth Magic
   330 | D:1      | Reached XP level 3. HP: 22/26 MP: 3/5
   916 | D:2      | Reached XP level 4. HP: 33/33 MP: 4/7
  1306 | D:3      | Learned a level 3 spell: Stone Arrow
  1489 | D:3      | Noticed OwlQaeda's ghost (amateur SpEn)
  1490 | D:3      | Found a transporter.
  1491 | D:3      | Noticed an ogre
  1491 | D:3      | Identified the +9 dire flail of Saltpetre {crush, rN+
                  | Dex+3}
  1491 | D:3      | Noticed an ogre
  1529 | D:3      | Found a transporter.
  1573 | D:3      | Reached XP level 5. HP: 33/38 MP: 8/8
  1755 | D:3      | Reached skill level 5 in Earth Magic
  2222 | D:4      | Found a staircase to the Ecumenical Temple.
  2232 | Temple   | Entered the Ecumenical Temple
  2266 | Temple   | Reached XP level 6. HP: 31/45 MP: 0/10
  2310 | Temple   | Became a worshipper of Makhleb the Destroyer
  2592 | D:4      | Slain by an ogre

Skill      XL: |  1  2  3  4  5 |
---------------+----------------+-----
Spellcasting   | 2 3 |  3.9
Earth Magic    | 4 5 |  5.7
Dodging        | |  1.7
Stealth        | |  2.1
Transmutations | |  0.8

Action                   |  1- 3 |  4- 6 || total
-------------------------+-------+-------++-------
Melee: Unarmed           |    41 |       ||    41
       Quarterstaff      |    10 |    94 ||   104
 Cast: Sandblast         |    36 |    59 ||    95
 Stab: Sleeping          |       |     2 ||     2
  Eat: Chunk             |     4 |     8 ||    12
Armor: Robe              |    19 |    11 ||    30
Dodge: Dodged            |    47 |   108 ||   155
